 Dungeon Crawl Stone Soup version 0.16.0-5-g717f7e7 (console) character file.

57 gw the Insei (level 3, 0/29 HPs)
             Began as a Demonspawn Monk on Mar 14, 2015.
             Slain by a gnoll
             ... wielding a +0 spear of freezing
              (1 damage)
             ... on level 3 of the Dungeon.
             The game lasted 00:02:18 (2059 turns).

gw the Insei (Demonspawn Monk)                      Turns: 2059, Time: 00:02:18

Health: 0/29       AC:  7    Str: 11    XL:     3   Next: 73%
Magic:  3/3        EV:  9    Int: 11    God:
Gold:   153        SH:  0    Dex: 16    Spells: 0 memorised, 2 levels left

rFire  . . .     SeeInvis .       - Unarmed
rCold  . . .     Clarity  .     f - +0 scale mail
rNeg   . . .     SustAb   .     (no shield)
rPois  .         Gourm    .     (no helmet)
rElec  .         Spirit   .     (no cloak)
rCorr  .         Warding  .     (no gloves)
rMut   .         Stasis   .     (no boots)
MR     .....                    (no amulet)
Stlth  +.........               (no ring)
                                (no ring)

@: not resistant to hostile enchantments, very unstealthy
A: icy blue scales 1
a: no special abilities


You were on level 3 of the Dungeon.
You were not hungry.

You visited 1 branch of the dungeon, and saw 3 of its levels.

You collected 153 gold pieces.

Inventory:

Missiles
 d - 112 stones (quivered)
Armour
 f - a +0 scale mail (worn)
Scrolls
 a - a scroll of enchant weapon
 e - a scroll of amnesia
 h - a scroll of identify
 j - a scroll of remove curse
Potions
 g - a potion of magic {unknown}
Comestibles
 b - 3 bread rations
 c - 3 meat rations
 i - a beef jerky


   Skills:
 + Level 3.3 Fighting
 + Level 0.8 Throwing
 + Level 1.3 Armour
 - Level 2.6 Dodging
 - Level 1.7 Stealth
 * Level 4.2 Unarmed Combat


You had 2 spell levels left.
You didn't know any spells.

Dungeon Overview and Level Annotations

Branches:
Dungeon (3/15)

Altars:

Annotations:
D:3 SolCadguy's ghost, average DrNe


Innate Abilities, Weirdness & Mutations

You are partially covered in icy blue scales (AC +1).


Message History

Unknown command.
Unknown command.
Unknown command.
Unknown command.
ATTACK MOVE TO (-1,-1)
You closely miss the gnoll. The gnoll hits you but does no damage.
The gnoll barely misses you.
SolCadguy's ghost hits you but does no damage.
The gnoll barely misses you.
Unknown command.
Unknown command.
Unknown command.
Unknown command.
ATTACK MOVE TO (-1,-1)
You hit the gnoll.
The gnoll is heavily wounded.
The gnoll barely misses you.
The gnoll hits you from afar with a spear of freezing.
The gnoll freezes you.
You die...

.## ### ... ..# (g #.#
#g##.# #gg#.#######
#####g#........ .
#..)..#...W6(.....# ...
#...........(.....# ..#
#.....#.....(.....# ..#
#.....#...........# ..#
#.....#...........### ..#
#.....#.............# ..#
#.....#...........#.#
..####.....#...........#.(
....)..............>......>


You could see SolCadguy's ghost, 4 gnolls and a hobgoblin.

Table legend:
 A = Turns spent in this place as a percentage of turns spent in the entire game.
 B = Non-inter-level travel turns spent in this place as a percentage of non-inter-level travel turns spent in the entire game.
 C = Inter-level travel turns spent in this place as a percentage of turns spent in this place.
 D = Turns resting spent in this place as a percentage of non-inter-level travel turns spent in this place.
 E = Turns spent auto-exploring this place as a percentage of non-inter-level travel turns spent in this place.
 F = Non-inter-level travel turns spent in this place divided by the number of levels of this place that you've seen.
                   A       B       C       D       E      F
               +-------+-------+-------+-------+-------+----------------------
         Total | 100.0 | 100.0 |   0.3 |   0.5 |   2.7 | 1097.3
       Dungeon | 100.0 | 100.0 |   0.3 |   0.5 |   2.7 | 1097.3
               +-------+-------+-------+-------+-------+----------------------

Table legend:
 A = Kills in this place as a percentage of kills in entire the game.
 B = Kills by you in this place as a percentage of kills by you in the entire game.
 C = Kills by friends in this place as a percentage of kills by friends in the entire game.
 D = Other kills in this place as a percentage of other kills in the entire game.
 E = Experience gained in this place as a percentage of experience gained in the entire game.
 F = Experience gained in this place divided by the number of levels of this place that you have seen.
                   A       B       C       D       E      F
               +-------+-------+-------+-------+-------+----------------------
         Total | 100.0 | 100.0 |  -nan |  -nan | 100.0 |  27.3
       Dungeon | 100.0 | 100.0 |  -nan |  -nan | 100.0 |  27.3
               +-------+-------+-------+-------+-------+----------------------

Vanquished Creatures
  2 adders
  A giant gecko (D:1)
  2 hobgoblins
  7 jackals
  3 kobolds
  A quokka (D:2)
  4 bats
  2 giant cockroaches (D:1)
  A giant newt (D:1)
  6 goblins
  10 rats
39 creatures vanquished.

Notes
Turn   | Place    | Note
--------------------------------------------------------------
     0 | D:1      | gw, the Demonspawn Monk, began the quest for the Orb.
     0 | D:1      | Reached XP level 1. HP: 18/18 MP: 1/1
   248 | D:1      | Gained mutation: You are partially covered in icy blue scales (AC +1). [demonic ancestry]
   248 | D:1      | Reached XP level 2. HP: 24/24 MP: 2/2
   749 | D:2      | Reached skill level 1 in Armour
   846 | D:2      | Reached skill level 4 in Unarmed Combat
   846 | D:2      | Reached XP level 3. HP: 24/29 MP: 3/3
  2051 | D:3      | Noticed SolCadguy's ghost (average DrNe)
  2059 | D:3      | HP: 1/29 [gnoll/spear of freezing (4)]
  2059 | D:3      | Slain by a gnoll

Action                   || total
-------------------------++-------
Melee: Unarmed           ||    96
Throw: Stone             ||    67
  Use: Scroll            ||     6
       Potion            ||     3
  Eat: Chunk             ||     4

Vault maps used:
D:1:      tarquinn_simple_flora_water_c
D:2:      hangedman_decor_opposing
D:3:      uniq_jessica
